[Event "Titled Tuesday Blitz June 28 Early 2022"]
[White "Lohani, Sujana"]
[Black "Soham Kamotra"]
[WhiteFideId "12311987"]
[BlackFideId "46647490"]
[WhiteElo "1691"]
[BlackElo "2082"]
[Result "0-1"]
[Round "01"]
[TimeControl "180+1"]
[Date "2022.06.28"]
[WhiteClock "0:00:03"]
[BlackClock "0:00:38"]

1. d4 Nf6 2. Nf3 g6 3. c4 Bg7 4. Nc3 d5 5. cxd5 Nxd5 6. e4 Nxc3 7. bxc3 c5 8. Be3 Nc6 9. Bb5 cxd4 10. cxd4 Qa5+ 11. Qd2 Qxb5 12. d5 Bxa1 13. dxc6 bxc6 14. Nd4 Qb1+ 15. Ke2 Ba6+ 16. Kf3 Qxh1 17. Nxc6 Qxh2 18. Bf4 Qh5+ 19. g4 Qh1+ 20. Kg3 Bf6 21. g5 Qg1+ 22. Kf3 Bg7 23. Qb4 O-O 24. Nxe7+ Kh8 25. Nd5 Qd1+ 26. Kg3 Qd3+ 27. f3 f6 28. gxf6 Bxf6 29. Qd6 Bg7 30. Qe7 Rae8 31. Qg5 Rxe4 32. Ne7 Rexf4 33. Qxf4 Rxf4 34. Kxf4 Qd6+ 0-1


[Site "https://www.chess.com"]

[Event "Titled Tuesday Blitz June 28 Early 2022"]
[White "Lou, Yiping"]
[Black "Baches Garcia, Guillermo"]
[WhiteFideId "8603928"]
[BlackFideId "2209764"]
[WhiteElo "2412"]
[BlackElo "2463"]
[Result "1-0"]
[Round "01"]
[TimeControl "180+1"]
[Date "2022.06.28"]
[WhiteClock "0:00:54"]
[BlackClock "0:00:06"]

1. e4 c5 2. Nf3 d6 3. d4 cxd4 4. Nxd4 Nf6 5. Nc3 Nc6 6. Bg5 e6 7. Qd2 h6 8. Bxf6 gxf6 9. O-O-O a6 10. Kb1 Bd7 11. f4 Qb6 12. Nb3 O-O-O 13. Be2 h5 14. Rhf1 Be7 15. f5 Ne5 16. Nd4 Kb8 17. Nf3 Ng4 18. Rde1 Rc8 19. Bd3 Rc7 20. h3 Ne5 21. Nxe5 dxe5 22. fxe6 fxe6 23. Qe3 Bc5 24. Qf3 Bb4 25. Kc1 Bxc3 26. bxc3 Rf8 27. Qxh5 Rxc3 28. Rxf6 Rxf6 29. Qh8+ Ka7 30. Qxf6 Qd4 31. Kd2 Ba4 32. Ke2 Bxc2 33. Bxc2 Rxc2+ 34. Kf1 Qd2 35. Qf3 Rxa2 36. h4 Rc2 37. h5 Rc1 38. Qf2+ Qxf2+ 39. Kxf2 Rc8 40. h6 Rh8 41. Rh1 b5 42. g4 b4 43. g5 b3 44. Rb1 1-0


[Site "https://www.chess.com"]

[Event "Titled Tuesday Blitz June 28 Early 2022"]
[White "Malyi, Viacheslav"]
[Black "Ciuffoletti, Paolo"]
[WhiteFideId "14123983"]
[BlackFideId "807630"]
[WhiteElo "2270"]
[BlackElo "2143"]
[Result "1-0"]
[Round "01"]
[TimeControl "180+1"]
[Date "2022.06.28"]
[WhiteClock "0:01:07"]
[BlackClock "0:00:03"]

1. e4 c5 2. Nf3 Nc6 3. d4 cxd4 4. Nxd4 Nf6 5. Nc3 e5 6. Ndb5 d6 7. Nd5 Nxd5 8. exd5 Nb8 9. c4 a6 10. Nc3 Be7 11. Be2 O-O 12. O-O f5 13. f4 Bf6 14. Be3 Nd7 15. Rc1 exf4 16. Bxf4 Be5 17. Kh1 Qf6 18. Bxe5 Qxe5 19. b4 a5 20. a3 axb4 21. axb4 b6 22. Nb5 Ra2 23. Bf3 Nf6 24. Qd4 Qxd4 25. Nxd4 Bd7 26. Rfe1 Rb2 27. b5 Ne4 28. Nc6 Nd2 29. Re7 Nxf3 30. gxf3 Be8 31. Rg1 Bg6 32. Nd4 Ra8 33. Re2 Raa2 34. Rxb2 Rxb2 35. Re1 Kf7 36. Re6 Rd2 37. Nc6 Bh5 38. Rxd6 Bxf3+ 39. Kg1 Rg2+ 40. Kf1 Rxh2 41. Ne5+ Ke7 42. Re6+ Kf8 43. Nxf3 1-0


[Site "https://www.chess.com"]

[Event "Titled Tuesday Blitz June 28 Early 2022"]
[White "Marin Ramirez, Gerardo"]
[Black "Prestia, Paris"]
[WhiteFideId "3901068"]
[BlackFideId "30925959"]
[WhiteElo "1920"]
[BlackElo "2556"]
[Result "0-1"]
[Round "01"]
[TimeControl "180+1"]
[Date "2022.06.28"]
[WhiteClock "0:00:02"]
[BlackClock "0:00:50"]

1. d4 Nf6 2. Nf3 d5 3. c4 c6 4. Nc3 e6 5. e3 Nbd7 6. Qc2 Be7 7. Be2 O-O 8. O-O dxc4 9. Bxc4 b5 10. Be2 a6 11. Rd1 Bb7 12. e4 Qb6 13. a3 c5 14. d5 exd5 15. e5 Ne8 16. Nxd5 Bxd5 17. Rxd5 Rd8 18. Be3 Nc7 19. Rd2 Ne6 20. Rad1 Nb8 21. b4 Rxd2 22. Rxd2 Rc8 23. Qb2 Qb7 24. bxc5 Bxc5 25. Nd4 Bxd4 26. Bxd4 Nc6 27. Be3 Na5 28. f4 Qe4 29. Bb6 Nc4 30. Bxc4 Qe1+ 31. Bf1 Rc1 32. Rf2 Nxf4 33. Rxf4 g5 34. Rf2 h6 35. Qb3 Rc4 36. Qe3 Qxe3 37. Bxe3 Re4 38. Bc5 Rxe5 39. Bb4 Rd5 40. g3 Kg7 41. Bg2 Rd1+ 42. Rf1 Rd3 43. Be4 Re3 44. Bf5 h5 45. Bc5 Re2 46. Bd4+ Kg8 47. Rc1 Re8 48. Rc7 Rd8 49. Bf6 Rd1+ 50. Kg2 Rd2+ 51. Kf3 g4+ 52. Ke3 Rd8 53. Kf4 Re8 54. Kg5 a5 55. Kxh5 b4 0-1


[Site "https://www.chess.com"]

[Event "Titled Tuesday Blitz June 28 Early 2022"]
[White "Marjanovic, Annamaria"]
[Black "Ortega Ruiz, Jose Miguel"]
[WhiteFideId "750930"]
[BlackFideId "2209713"]
[WhiteElo "2156"]
[BlackElo "2292"]
[Result "1-0"]
[Round "01"]
[TimeControl "180+1"]
[Date "2022.06.28"]
[WhiteClock "0:00:33"]
[BlackClock "0:01:03"]

1. b3 Nf6 2. Bb2 e6 3. c4 Be7 4. Nf3 c5 5. g3 Nc6 6. Bg2 O-O 7. e3 b6 8. O-O Bb7 9. d4 d5 10. cxd5 Nxd5 11. Nc3 Nxc3 12. Bxc3 cxd4 13. Nxd4 Rc8 14. Bb2 Ba8 15. Nxc6 Bxc6 16. Bxc6 Rxc6 17. Qg4 Bf6 18. Rad1 Qe7 19. Bxf6 Qxf6 20. Rd7 a5 21. Qe4 Rfc8 22. Rfd1 g6 23. Rd8+ Rxd8 24. Rxd8+ Qxd8 25. Qxc6 Kf8 26. h4 h5 27. Qc3 Ke7 28. Qc6 Qd6 29. Qb7+ Kf6 30. Kg2 Qc5 31. Qb8 b5 32. Qd8+ Ke5 33. Qxa5 Qd5+ 34. Kh2 Kf5 35. Qc7 e5 36. Qc2+ e4 37. Qc7 g5 38. hxg5 Kxg5 39. Qe7+ Kg6 40. a4 Qf5 41. Kg1 Qf3 42. Qd6+ f6 43. axb5 h4 44. gxh4 Qe2 45. b6 Qb5 46. b4 Kh5 47. Qc5+ Qxc5 48. bxc5 1-0


[Site "https://www.chess.com"]

[Event "Titled Tuesday Blitz June 28 Early 2022"]
[White "Martinez, Shawn"]
[Black "Sokolovsky, Yahli"]
[WhiteFideId "2039770"]
[BlackFideId "2820242"]
[WhiteElo "2174"]
[BlackElo "1770"]
[Result "0-1"]
[Round "01"]
[TimeControl "180+1"]
[Date "2022.06.28"]
[WhiteClock "0:00:03"]
[BlackClock "0:00:59"]

1. e4 g6 2. d4 Bg7 3. Nc3 d6 4. Bg5 c5 5. dxc5 Qa5 6. Qd2 Qxc5 7. Bd3 Nc6 8. Nf3 Bg4 9. Be3 Qa5 10. Be2 Bxc3 11. bxc3 Nf6 12. Bd3 Rc8 13. Nd4 Ne5 14. f3 Bd7 15. Ne2 Nc4 16. Bxc4 Rxc4 17. O-O O-O 18. Bd4 Ne8 19. Rab1 b6 20. Rb2 Ng7 21. Be3 Rfc8 22. Bh6 Qh5 23. Ng3 Qc5+ 24. Be3 Qa3 25. Rb3 Qxa2 26. Ne2 Ba4 27. Rb4 Rxb4 28. cxb4 Rxc2 29. Qd4 Rxe2 0-1


[Site "https://www.chess.com"]

[Event "Titled Tuesday Blitz June 28 Early 2022"]
[White "McCoy, Owen"]
[Black "Mangialardo, Tiago Carvalho"]
[WhiteFideId "30924502"]
[BlackFideId "2130718"]
[WhiteElo "2539"]
[BlackElo "2070"]
[Result "1-0"]
[Round "01"]
[TimeControl "180+1"]
[Date "2022.06.28"]
[WhiteClock "0:00:08"]
[BlackClock "0:00:01"]

1. d4 d5 2. c4 c6 3. Nf3 Nf6 4. Nc3 e6 5. Bg5 Be7 6. e3 O-O 7. Qc2 Nbd7 8. cxd5 exd5 9. Bd3 Re8 10. O-O Nf8 11. Ne5 Ng6 12. f4 Ng4 13. Bxe7 Qxe7 14. Rae1 Nf8 15. Nxg4 Bxg4 16. f5 f6 17. e4 Qd6 18. Qb3 Bh5 19. exd5 Bf7 20. Qxb7 cxd5 21. Nb5 Qb6 22. Qxb6 axb6 23. Rxe8 Bxe8 24. Nc7 Rd8 25. Rc1 Bf7 26. a3 Nd7 27. Nb5 1-0


[Site "https://www.chess.com"]

[Event "Titled Tuesday Blitz June 28 Early 2022"]
[White "Mikhalsky, Vladimir"]
[Black "Cruz, Cristhian"]
[WhiteFideId "14144352"]
[BlackFideId "3801969"]
[WhiteElo "2301"]
[BlackElo "2497"]
[Result "0-1"]
[Round "01"]
[TimeControl "180+1"]
[Date "2022.06.28"]
[WhiteClock "0:00:26"]
[BlackClock "0:00:55"]

1. e4 e6 2. d4 d5 3. exd5 exd5 4. Bd3 Nc6 5. c3 Bd6 6. Ne2 Nge7 7. O-O Bf5 8. Bf4 O-O 9. Bxd6 Qxd6 10. Ng3 Bg6 11. Bxg6 hxg6 12. Na3 Rae8 13. Re1 Nf5 14. Qf3 Nxg3 15. Qxg3 Qd7 16. Nc2 a6 17. h3 Na5 18. b3 b6 19. Rxe8 Rxe8 20. Re1 Rxe1+ 21. Nxe1 Nb7 22. Qe5 Qc6 23. Nd3 Nd6 24. Nb4 Qxc3 25. Nxd5 Qa1+ 26. Kh2 Qxa2 27. Nxc7 Nf5 28. d5 Qxf2 29. d6 Qd2 30. Qe8+ Kh7 31. d7 Qd6+ 32. Kg1 Qd4+ 33. Kh2 Qf4+ 34. Kg1 Ne3 35. Qe4 Qxe4 0-1


[Site "https://www.chess.com"]

[Event "Titled Tuesday Blitz June 28 Early 2022"]
[White "Mitrovic, Darko R"]
[Black "Karavade, Eesha"]
[WhiteFideId "927023"]
[BlackFideId "5012600"]
[WhiteElo "2150"]
[BlackElo "2258"]
[Result "0-1"]
[Round "01"]
[TimeControl "180+1"]
[Date "2022.06.28"]
[WhiteClock "0:00:01"]
[BlackClock "0:00:31"]

1. d4 Nf6 2. c4 e6 3. Nf3 d5 4. g3 dxc4 5. Bg2 Nc6 6. O-O Rb8 7. a4 a6 8. b3 cxb3 9. Qxb3 Be7 10. Ba3 O-O 11. e3 b5 12. Bxe7 Qxe7 13. axb5 axb5 14. Nbd2 Bd7 15. Rfc1 Rfc8 16. Qc3 Nd5 17. Qb2 Qb4 18. Qc2 Qe7 19. Nb3 Ncb4 20. Qd2 Nc6 21. Nc5 Be8 22. Rab1 b4 23. Ne1 Nc3 24. Rb2 Rb6 25. Ned3 Rcb8 26. f4 h6 27. h4 Na5 28. Qf2 Nc4 29. Rxb4 Rxb4 30. Na6 Na4 31. Naxb4 Rxb4 32. Nxb4 Qxb4 33. Bf1 Nab6 34. Qc2 Ba4 35. Qc3 Qxc3 36. Rxc3 Bb5 37. Bxc4 Nxc4 38. Kf2 c6 39. Rc2 h5 40. Ra2 g6 41. Ra7 Kg7 42. Rd7 Kf6 43. Rc7 Nd6 44. Rd7 Ne4+ 45. Kf3 Nd2+ 46. Kf2 Bc4 47. Rc7 Bd5 48. Ra7 Ne4+ 49. Kg2 Kg7 50. Ra1 f6 51. Kh2 g5 52. Re1 gxh4 53. gxh4 Kg6 54. Kh3 Kf5 55. Rg1 Nf2+ 56. Kg3 Ng4 57. Ra1 Ke4 58. Ra8 Nxe3 59. Rh8 Nf5+ 60. Kh3 Kxf4 61. Rxh5 Bf3 62. Rh8 Bg4+ 63. Kg2 Nxd4 64. Kf2 Nf5 65. h5 Kg5 66. h6 Nxh6 67. Rc8 Nf5 68. Rxc6 e5 69. Rc8 Nd4 70. Rg8+ Kf4 71. Ke1 f5 72. Rf8 Ke3 73. Rg8 e4 0-1


[Site "https://www.chess.com"]

[Event "Titled Tuesday Blitz June 28 Early 2022"]
[White "Molina, Roberto Junio Brito"]
[Black "Lucas, Arthur"]
[WhiteFideId "2109450"]
[BlackFideId "26093073"]
[WhiteElo "2432"]
[BlackElo "2129"]
[Result "1-0"]
[Round "01"]
[TimeControl "180+1"]
[Date "2022.06.28"]
[WhiteClock "0:00:13"]
[BlackClock "0:00:07"]

1. d4 g6 2. e4 Bg7 3. Nc3 a6 4. h4 h6 5. h5 g5 6. f4 gxf4 7. Bxf4 b5 8. Nf3 d6 9. Qd2 Nd7 10. O-O-O c5 11. dxc5 Nxc5 12. e5 b4 13. Nd5 Be6 14. exd6 exd6 15. Bc4 Rc8 16. Rhe1 Bxb2+ 17. Kxb2 Na4+ 18. Kb3 Rxc4 19. Kxc4 Nb2+ 20. Kb3 Nxd1 21. Qxd1 Ne7 22. Rxe6 fxe6 23. Nxe7 Kxe7 24. Nd4 Qc7 25. Qd3 e5 26. Nf5+ Ke6 27. Bd2 Rc8 28. Ne3 Qc6 29. g4 Kd7 30. Bxb4 Rb8 31. Ka3 Kc7 32. c4 Kb7 33. Nd5 Ka8 34. Qh7 Rb7 35. Qg8+ Rb8 36. Qf7 Rb7 37. Qe8+ Rb8 38. Qxc6+ Rb7 39. Nc7+ Kb8 40. Nxa6+ Ka7 41. Qxb7+ Kxb7 42. Bxd6 e4 43. Be5 e3 44. Bc3 e2 45. Be1 Kxa6 46. Kb3 Kb6 47. Kc3 Kc5 48. Kd3 Kc6 49. Kxe2 Kc5 50. Kd3 Kc6 51. Kd4 1-0


[Site "https://www.chess.com"]

[Event "Titled Tuesday Blitz June 28 Early 2022"]
[White "Mrudul Dehankar"]
[Black "Gurevich, Dmitry"]
[WhiteFideId "25096990"]
[BlackFideId "2000407"]
[WhiteElo "1766"]
[BlackElo "2506"]
[Result "1-0"]
[Round "01"]
[TimeControl "180+1"]
[Date "2022.06.28"]
[WhiteClock "0:00:04"]
[BlackClock "0:00:04"]

1. e4 c5 2. Nf3 d6 3. d4 cxd4 4. Nxd4 Nf6 5. Nc3 Nc6 6. Bg5 g6 7. Bxf6 exf6 8. Qd2 Bg7 9. O-O-O O-O 10. Nxc6 bxc6 11. Qxd6 Qb6 12. Bc4 Qxf2 13. Kb1 Bg4 14. Rd2 Qb6 15. Qe7 f5 16. e5 Rab8 17. Na4 Qa5 18. Rd7 Qxe5 19. Bxf7+ Kh8 20. Qxe5 Bxe5 21. h3 Bh5 22. g4 fxg4 23. hxg4 Bxg4 24. Rxa7 Bh5 25. Bb3 Bd4 26. Rd7 Rbd8 27. Rc7 Be5 28. Rb7 Rb8 29. Rxb8 Rxb8 30. Nc5 Rd8 31. a4 Bf3 32. Rf1 Bg4 33. Re1 Bd4 34. Nd3 h5 35. Re7 h4 36. Nf4 Bf5 37. Be6 1-0


[Site "https://www.chess.com"]

[Event "Titled Tuesday Blitz June 28 Early 2022"]
[White "Namitbir Singh Walia"]
[Black "Rosen, Eric"]
[WhiteFideId "35071068"]
[BlackFideId "2032562"]
[WhiteElo "1565"]
[BlackElo "2362"]
[Result "0-1"]
[Round "01"]
[TimeControl "180+1"]
[Date "2022.06.28"]
[WhiteClock "0:00:18"]
[BlackClock "0:00:49"]

1. d4 d5 2. Nf3 Nf6 3. Bf4 c5 4. e3 Nc6 5. c3 Qb6 6. Qb3 c4 7. Qc2 Bf5 8. Qc1 Nh5 9. Bg5 f6 10. Bh4 g5 11. Bg3 Nxg3 12. hxg3 h5 13. Nbd2 e6 14. e4 dxe4 15. Nxc4 Qc7 16. Nfd2 O-O-O 17. Be2 h4 18. Ne3 Bg6 19. Bc4 Re8 20. d5 exd5 21. Nxd5 Qe5 22. Nf1 Bc5 23. Nfe3 hxg3 24. Rxh8 gxf2+ 25. Kxf2 Rxh8 26. b4 Bd6 27. Ke2 f5 28. b5 Na5 29. b6 a6 30. Bxa6 bxa6 31. b7+ Nxb7 32. Rb1 f4 33. Nc4 f3+ 34. Kf1 Rh1+ 0-1


[Site "https://www.chess.com"]

[Event "Titled Tuesday Blitz June 28 Early 2022"]
[White "Narayanan, Srinath"]
[Black "Khamdamova, Afruza"]
[WhiteFideId "5018420"]
[BlackFideId "14210444"]
[WhiteElo "2472"]
[BlackElo "1660"]
[Result "1-0"]
[Round "01"]
[TimeControl "180+1"]
[Date "2022.06.28"]
[WhiteClock "0:01:53"]
[BlackClock "0:00:48"]

1. Nf3 Nf6 2. c4 e6 3. e3 d5 4. b3 Be7 5. Bb2 O-O 6. Be2 c5 7. O-O b6 8. cxd5 exd5 9. d4 Bb7 10. Nc3 Nbd7 11. Rc1 Rc8 12. Re1 Ne4 13. Nxe4 dxe4 14. Nd2 cxd4 15. Rxc8 Qxc8 16. Bxd4 Bf6 17. Nc4 Qc6 18. Qd2 Bxd4 19. Qxd4 Nc5 20. h3 Ne6 21. Qe5 Rd8 22. Rc1 Qd5 23. Qb2 Qg5 24. Bg4 f5 25. Qe5 fxg4 26. Qxe6+ Kh8 27. Ne5 Bd5 28. Nf7+ Kg8 29. Nxg5+ Bxe6 30. Nxe6 Rd2 31. hxg4 Rxa2 32. Rc7 g6 33. Rg7+ Kh8 34. Rf7 1-0


[Site "https://www.chess.com"]

[Event "Titled Tuesday Blitz June 28 Early 2022"]
[White "Nasir, Zehn"]
[Black "Van Foreest, Jorden"]
[WhiteFideId "2613239"]
[BlackFideId "1039784"]
[WhiteElo "1993"]
[BlackElo "2609"]
[Result "0-1"]
[Round "01"]
[TimeControl "180+1"]
[Date "2022.06.28"]
[WhiteClock "0:00:01"]
[BlackClock "0:00:55"]

1. d4 d6 2. Bf4 Nf6 3. Nc3 Nbd7 4. Nf3 g6 5. Qd2 b5 6. a3 Rb8 7. e4 Bg7 8. Bxb5 O-O 9. Bxd7 Bxd7 10. b4 e6 11. O-O Bc6 12. Rfe1 a6 13. Bh6 Re8 14. Bxg7 Kxg7 15. Qf4 Bb7 16. Rad1 h6 17. h4 Qe7 18. e5 Nd5 19. Nxd5 Bxd5 20. Nh2 h5 21. Nf3 a5 22. c3 Ra8 23. Ng5 axb4 24. axb4 Ra3 25. Re3 Rea8 26. Rg3 Ra1 27. Rxa1 Rxa1+ 28. Kh2 Re1 29. f3 Re2 30. Ne4 Bxe4 31. fxe4 Kh7 32. exd6 cxd6 33. Rf3 Kg7 34. b5 e5 35. dxe5 dxe5 36. Qg5 Qd6 37. c4 Rxe4 38. c5 Qe6 39. c6 Rg4 40. Qe3 Rxh4+ 41. Kg1 Rc4 42. Qa7 e4 43. Rf1 e3 44. Qd7 Qxd7 45. cxd7 Rd4 46. Re1 Rxd7 47. Rxe3 Rd1+ 48. Kf2 Rb1 49. Re5 Kf6 50. Rc5 g5 51. g3 Rb3 52. Kg2 Kg6 53. Kf2 f6 54. Kg2 g4 55. Kf2 f5 56. Rc6+ Kg5 57. Rc5 Rb2+ 58. Kf1 Kf6 59. Kg1 h4 60. gxh4 f4 61. h5 g3 62. Rc3 Kg5 63. Rc5+ Kg4 64. Rc7 Rb1+ 65. Kg2 f3# 0-1


[Site "https://www.chess.com"]

[Event "Titled Tuesday Blitz June 28 Early 2022"]
[White "Navarrete Mendez, Gonzalo Alberto"]
[Black "Silva, Pedro Gil Ferreira Da"]
[WhiteFideId "5106850"]
[BlackFideId "1946102"]
[WhiteElo "2261"]
[BlackElo "1863"]
[Result "1-0"]
[Round "01"]
[TimeControl "180+1"]
[Date "2022.06.28"]
[WhiteClock "0:00:38"]
[BlackClock "0:00:26"]

1. e4 c5 2. Nf3 d6 3. Nc3 Nf6 4. Bc4 a6 5. d4 cxd4 6. Nxd4 b5 7. Bd5 Nxd5 8. exd5 g6 9. O-O Bg7 10. Re1 O-O 11. Bg5 Re8 12. Qd2 Bb7 13. a3 Nd7 14. Nc6 Bxc6 15. dxc6 Ne5 16. Qf4 Nxc6 17. Nd5 Ra7 18. c3 Ne5 19. Rad1 Qc8 20. h3 f6 21. Bh6 Qc4 22. Qe3 Qc5 23. Qc1 e6 24. Be3 Qc8 25. Bxa7 exd5 26. Qd2 Kh8 27. Qxd5 Nc4 28. Qf7 Rf8 29. Qe7 Nxb2 30. Rxd6 Qxc3 31. Rd7 Rg8 32. Bd4 Qc8 33. Bxb2 1-0


[Site "https://www.chess.com"]

[Event "Titled Tuesday Blitz June 28 Early 2022"]
[White "Nenezic, Marko"]
[Black "Dushyant Sharma"]
[WhiteFideId "912123"]
[BlackFideId "25065130"]
[WhiteElo "2432"]
[BlackElo "2105"]
[Result "0-1"]
[Round "01"]
[TimeControl "180+1"]
[Date "2022.06.28"]
[WhiteClock "0:00:01"]
[BlackClock "0:00:02"]

1. Nf3 d5 2. g3 e6 3. Bg2 Nf6 4. O-O Be7 5. d4 O-O 6. c4 dxc4 7. Qa4 c5 8. dxc5 Nc6 9. Nc3 Bxc5 10. Qxc4 Be7 11. Rd1 Qa5 12. Bd2 Qh5 13. h3 a6 14. g4 Qc5 15. Qxc5 Bxc5 16. g5 Nd5 17. Nxd5 exd5 18. Rac1 Ba7 19. Bf4 Be6 20. Bd6 Rfd8 21. Bc5 Bb8 22. Bb6 Re8 23. e3 f6 24. gxf6 gxf6 25. Nd4 Nxd4 26. Bxd4 Kf7 27. f4 Rg8 28. Kf2 Bd6 29. Bf3 Rac8 30. Rxc8 Rxc8 31. Bc3 Rc5 32. Bh5+ Ke7 33. Rg1 d4 34. Rg7+ Kf8 35. exd4 Rxc3 36. Rxh7 Rc2+ 37. Ke3 Rxb2 38. Bg6 Rxa2 39. f5 Bd5 40. Rd7 Ra3+ 41. Kf2 Bg3+ 42. Ke2 Bc4+ 43. Kd2 Bf4+ 44. Kc2 b5 45. d5 b4 46. d6 Ra2+ 47. Kb1 Rd2 48. Rd8+ Kg7 49. d7 Bb5 0-1


[Site "https://www.chess.com"]

[Event "Titled Tuesday Blitz June 28 Early 2022"]
[White "Pirvulescu, Ekaterina"]
[Black "Priyanka Nutakki"]
[WhiteFideId "13506374"]
[BlackFideId "25049615"]
[WhiteElo "1740"]
[BlackElo "1912"]
[Result "0-1"]
[Round "01"]
[TimeControl "180+1"]
[Date "2022.06.28"]
[WhiteClock "0:01:02"]
[BlackClock "0:01:43"]

1. e4 e6 2. d4 d5 3. Nc3 Bb4 4. e5 c5 5. Bd2 Ne7 6. Nb5 Bxd2+ 7. Qxd2 O-O 8. f4 Nbc6 9. Nf3 cxd4 10. Nbxd4 Bd7 11. O-O-O Rc8 12. Kb1 Qb6 13. g4 Na5 14. Nb3 Nc4 15. Qd4 Ne3 16. Qxb6 axb6 17. Rc1 Nxg4 18. Rg1 Nf2 19. Nbd4 Ng6 20. Rg4 Nxg4 0-1


[Site "https://www.chess.com"]

[Event "Titled Tuesday Blitz June 28 Early 2022"]
[White "Nilsson, Joakim"]
[Black "Lianes Garcia, Marcos"]
[WhiteFideId "1723383"]
[BlackFideId "32060777"]
[WhiteElo "2210"]
[BlackElo "2310"]
[Result "0-1"]
[Round "01"]
[TimeControl "180+1"]
[Date "2022.06.28"]
[WhiteClock "0:00:38"]
[BlackClock "0:00:52"]

1. d4 g6 2. Nc3 Bg7 3. e4 c5 4. dxc5 Bxc3+ 5. bxc3 Qa5 6. Nf3 Nc6 7. h4 Nf6 8. e5 Ng4 9. Bd3 Qxc5 10. O-O Ngxe5 11. Be3 Qd5 12. Nd4 Nxd3 13. cxd3 O-O 14. c4 Qh5 15. Qxh5 gxh5 16. Nb5 d6 17. Rfe1 Bf5 18. Nc7 Rac8 19. Nd5 Bxd3 20. Rac1 Bf5 21. Bg5 e6 22. Nf6+ Kg7 23. Rc3 Bg6 24. Nd7 f6 25. Nxf8 Rxf8 26. Be3 Kf7 27. Rb3 b6 28. Rd1 Ke7 29. Bf4 e5 30. Be3 Bc2 31. Rbd3 Bxd1 32. Rxd1 Ke6 33. a4 Rc8 34. Bd2 Nd4 0-1


[Site "https://www.chess.com"]

[Event "Titled Tuesday Blitz June 28 Early 2022"]
[White "Ning, Kaiyu"]
[Black "Melikhov, Evgeny V."]
[WhiteFideId "8614750"]
[BlackFideId "4122046"]
[WhiteElo "2013"]
[BlackElo "1904"]
[Result "1/2-1/2"]
[Round "01"]
[TimeControl "180+1"]
[Date "2022.06.28"]
[WhiteClock "0:00:06"]
[BlackClock "0:00:13"]

1. d4 Nf6 2. c4 e6 3. g3 d5 4. Bg2 dxc4 5. Nf3 Nc6 6. O-O Rb8 7. Nc3 b5 8. Ne5 Nxe5 9. dxe5 Nd7 10. Bc6 a6 11. Qd4 Rb6 12. Qe4 Bc5 13. a4 b4 14. a5 Rb8 15. Na4 Qe7 16. Qxc4 Ba7 17. Rd1 O-O 18. Bxd7 Rd8 19. Qxc7 Rxd7 20. Rxd7 Qxd7 21. Qd6 Qxd6 22. exd6 Bd7 23. Be3 Bxe3 24. fxe3 Bxa4 25. Rxa4 f6 26. e4 Rd8 27. Rxb4 Rxd6 28. Rb6 Rd2 29. Rxa6 Rxb2 30. Rxe6 Rxe2 31. a6 Ra2 32. Kf1 Kf7 33. Rb6 h5 34. h4 g5 35. hxg5 fxg5 36. Rb7+ Kf6 37. a7 h4 38. gxh4 gxh4 39. Rh7 Ke5 40. Re7+ Kf4 41. e5 Ke4 42. e6 Ke5 43. Kg1 h3 44. Kh1 Kf6 45. Rb7 Kxe6 46. Rh7 Kd6 47. Rh6+ Kc7 48. Rh7+ Kb6 49. Rxh3 Rxa7 50. Rb3+ Ka6 51. Rb1 Rb7 52. Ra1+ Kb6 53. Rb1+ Ka6 54. Rxb7 Kxb7 1/2-1/2


[Site "https://www.chess.com"]

[Event "Titled Tuesday Blitz June 28 Early 2022"]
[White "Nozdrachev, Leonid"]
[Black "Narayanan.S.L"]
[WhiteFideId "24113433"]
[BlackFideId "5058422"]
[WhiteElo "2129"]
[BlackElo "2494"]
[Result "0-1"]
[Round "01"]
[TimeControl "180+1"]
[Date "2022.06.28"]
[WhiteClock "0:00:01"]
[BlackClock "0:01:10"]

1. e4 d5 2. exd5 Qxd5 3. d4 Nc6 4. Nf3 Bg4 5. Nc3 Qh5 6. Be2 O-O-O 7. Be3 e5 8. d5 Nf6 9. dxc6 Rxd1+ 10. Rxd1 Bb4 11. cxb7+ Kxb7 12. O-O Bxc3 13. bxc3 e4 14. h3 Bxf3 15. gxf3 Qxh3 16. Rb1+ Kc6 17. Rfd1 Nd5 18. Bb5+ Kd6 19. fxe4 Qg4+ 20. Kf1 Qxe4 21. c4 c6 22. Ba6 Qh1+ 23. Ke2 Qh5+ 24. Kf1 Re8 25. cxd5 c5 26. Bd3 Qf3 27. Ke1 f5 28. Be2 Qe4 29. Kd2 f4 30. Bxc5+ Kxc5 31. Rb3 Qxe2+ 32. Kc1 Qxf2 33. Rc3+ Kd6 34. Rc6+ Kd7 35. Rc3 Re1 0-1


[Site "https://www.chess.com"]

[Event "Titled Tuesday Blitz June 28 Early 2022"]
[White "Nunez V, Gustavo Eduardo"]
[Black "Tan, Jun Ying"]
[WhiteFideId "4403690"]
[BlackFideId "5710413"]
[WhiteElo "2228"]
[BlackElo "1827"]
[Result "0-1"]
[Round "01"]
[TimeControl "180+1"]
[Date "2022.06.28"]
[WhiteClock "0:00:26"]
[BlackClock "0:00:14"]

1. e4 c5 2. Nc3 Nc6 3. g3 g6 4. Bg2 Bg7 5. d3 d6 6. Be3 e5 7. Nh3 Nge7 8. f4 O-O 9. O-O f5 10. a4 Nd4 11. Qd2 Kh8 12. Rf2 Be6 13. Raf1 d5 14. Ng5 Bg8 15. exd5 Nxd5 16. Bxd4 exd4 17. Nxd5 Bxd5 18. Qe2 Re8 19. Bxd5 Qxd5 20. Qf3 Qxf3 21. Rxf3 h6 22. Nf7+ Kg8 23. Nd6 Re7 24. R3f2 Rd8 25. Nc4 Kf7 26. Rd2 Re6 27. Kf2 Rde8 28. h3 h5 29. Kf3 b6 30. g4 hxg4+ 31. hxg4 fxg4+ 32. Kxg4 Bf6 33. Rh1 Kg7 34. Rdh2 Re2 35. Rh7+ Kg8 36. R1h2 Rxh2 37. Rxh2 Kg7 38. Nd6 Re6 39. Ne4 Bd8 40. b3 Re8 41. Rg2 Rf8 42. Re2 Bc7 43. Rf2 Rf5 44. Ng5 Kf6 45. Ne4+ Ke6 46. Ng3 Rf7 47. f5+ gxf5+ 48. Nxf5 Rf6 49. Ng7+ Kf7 50. Rxf6+ Kxf6 51. Nf5 Ke5 52. Ng3 Kd5 53. Ne4 Be5 54. Kf5 a6 55. Ng5 b5 56. axb5 axb5 57. Nf7 Bc7 58. Ng5 c4 59. Ne6 Bd6 60. bxc4+ bxc4 61. Ng5 cxd3 62. cxd3 Bb4 63. Ne4 Bc3 64. Nf6+ Kc5 65. Ke5 Ba1 66. Ne4+ Kb4 67. Kd5 Kb3 68. Nc5+ Kb4 69. Ke4 Kxc5 70. Ke5 Bb2 71. Ke4 Kb4 72. Kf3 Kc3 73. Ke2 Ba1 74. Kd1 Kxd3 75. Kc1 Bc3 76. Kb1 Ke2 77. Kc1 d3 78. Kb1 d2 79. Ka2 d1=Q 80. Ka3 Qb1 81. Ka4 Qb4# 0-1


[Site "https://www.chess.com"]

[Event "Titled Tuesday Blitz June 28 Early 2022"]
[White "Odegov, Artem"]
[Black "Rustemov, Alexander"]
[WhiteFideId "34183644"]
[BlackFideId "4119002"]
[WhiteElo "2286"]
[BlackElo "2735"]
[Result "0-1"]
[Round "01"]
[TimeControl "180+1"]
[Date "2022.06.28"]
[WhiteClock "0:00:01"]
[BlackClock "0:00:17"]

1. d4 f5 2. h3 Nf6 3. g4 d5 4. c4 dxc4 5. Nc3 Nc6 6. e3 e5 7. d5 Ne7 8. Bxc4 fxg4 9. hxg4 Bxg4 10. Qb3 Rb8 11. f3 Bh5 12. d6 Qxd6 13. Rxh5 Nxh5 14. Bf7+ Kd8 15. Bxh5 c6 16. e4 Kc7 17. Be3 b6 18. Rd1 Qf6 19. Bf2 Rd8 20. Rxd8 Kxd8 21. Bxb6+ axb6 22. Qxb6+ Kd7 23. Qb7+ Kd8 24. Qb6+ Kd7 25. Qb7+ Kd6 26. Qb8+ Ke6 27. Bg4+ Kf7 28. Nge2 g6 29. f4 Kg7 30. Bf3 h5 31. fxe5 Qf7 32. Bg2 Kh6 33. e6 Qf6 34. Qf4+ Qxf4 35. Nxf4 Bg7 36. Kd2 Rf8 37. Nd3 g5 38. e5 g4 39. Ne4 h4 40. Nd6 h3 41. Be4 g3 42. Nf7+ Kh5 43. Nf4+ Kg4 44. Ng6 Nxg6 45. Bxg6 g2 46. e7 Rb8 0-1


[Site "https://www.chess.com"]

[Event "Titled Tuesday Blitz June 28 Early 2022"]
[White "OKEKE, Isaac Chukwudalu"]
[Black "Ismagilov, Damir"]
[WhiteFideId "8508526"]
[BlackFideId "34199982"]
[WhiteElo "2102"]
[BlackElo "2138"]
[Result "0-1"]
[Round "01"]
[TimeControl "180+1"]
[Date "2022.06.28"]
[WhiteClock "0:00:22"]
[BlackClock "0:01:10"]

1. e4 c5 2. Nf3 d6 3. d4 cxd4 4. Nxd4 Nf6 5. Nc3 a6 6. Bg5 Nbd7 7. f4 Qc7 8. Qf3 b5 9. O-O-O Bb7 10. g4 e6 11. a3 Be7 12. Bg2 O-O 13. h4 Rab8 14. Bxf6 Bxf6 15. g5 Bxd4 16. Rxd4 f5 17. Rhd1 fxe4 18. Qg4 Nc5 19. Rxd6 Rbd8 20. Rxd8 Rxd8 21. Rxd8+ Qxd8 22. f5 exf5 23. Qxf5 Qd4 24. Kb1 a5 25. Nxb5 Qd1+ 26. Ka2 Bd5+ 0-1


[Site "https://www.chess.com"]